Map: Deathaura LE

Players

Has

  • Race: Protoss Protoss
  • Spawn Location: 5:00

uThermal - Winner!

  • Race: Terran Terran
  • Spawn Location: 11:00

Event: IEM Katowice 2021

VOD

Have the link to the VOD?

Description

Time

  • Played on: Feb. 20, 2021, 12:33 p.m.
  • Length: 7:14

All games in this series

Show
View Real Time Build Order
Export as new Build Order

Has Protoss 

Build Orders: 1 Gate Expand, Dark Templar Rush 

Get SALT Encoding   

  12  0:00  Probe  
  13  0:13  Probe  
  14  0:18  Pylon  
  14  0:25  Probe  
  15  0:37  Probe (Chrono Boost)  
  15  0:39  Pylon  
  16  0:49  Probe (Chrono Boost)  
  17  0:55  Probe (Chrono Boost)  
  18  0:59  Gateway  
  18  1:03  Probe  
  19  1:06  Assimilator  
  19  1:15  Probe  
  21  1:34  Nexus  
  21  1:36  Probe  
  21  1:46  Cybernetics Core  
  21  1:48  Zealot (Chrono Boost)  
  22  1:54  Probe  
  23  2:02  Assimilator  
  23  2:06  Probe  
  24  2:18  Probe  
  24  2:20  Stalker (Chrono Boost)  
  27  2:24  Warp Gate  
  27  2:30  Probe  
  28  2:42  Adept  
  28  2:43  Probe  
  31  2:44  Pylon  
  31  2:49  Probe (Chrono Boost)  
  31  2:51  Twilight Council  
  32  2:58  Probe (Chrono Boost)  
  33  3:02  Probe (Chrono Boost)  
  34  3:10  Probe (Chrono Boost)  
  34  3:11  Probe (Chrono Boost)  
  34  3:12  Adept  
  38  3:16  Probe  
  38  3:19  Probe  
  40  3:27  Dark Shrine  
  40  3:30  Gateway  
  40  3:31  Probe (Chrono Boost)  
  43  3:41  Probe (Chrono Boost), Gateway  
  43  3:42  Probe (Chrono Boost)  
  43  3:47  Probe (Chrono Boost)  
  44  3:48  Probe (Chrono Boost)  
  45  3:56  Pylon  
  45  3:59  Probe  
  46  4:03  Probe  
  46  4:04  Pylon  
  47  4:11  Probe  
  47  4:15  Probe  
  49  4:18  Stalker  
  49  4:23  Probe  
  44  4:27  Probe  
  40  4:36  Probe  
  38  4:39  Probe  
  38  4:44  Dark Templar  
  41  4:48  Probe (Chrono Boost)  
  41  4:49  Dark Templar  
  43  4:53  Probe (Chrono Boost)  
  41  5:00  Probe (Chrono Boost)  
  41  5:05  Dark Templar  
  45  5:08  Probe (Chrono Boost)  
  45  5:09  Probe (Chrono Boost)  
  46  5:15  Probe x2 (Chrono Boost)  
  46  5:17  Pylon  
  48  5:27  Probe (Chrono Boost)  
  50  5:29  Stalker  
  50  5:32  Probe (Chrono Boost)  
  50  5:35  Probe (Chrono Boost)  
  48  5:38  Probe (Chrono Boost)  
  48  5:42  Probe  
  46  5:50  Probe  
  46  5:54  Probe, Gateway  
  46  5:56  Gateway  
  48  6:02  Probe  
  49  6:06  Shield Battery, Probe  
  49  6:08  Assimilator  
  49  6:09  Dark Templar  
  49  6:10  Pylon  
  49  6:11  Assimilator  
  52  6:14  Probe  
  52  6:17  Pylon  
  52  6:18  Probe  
  54  6:27  Probe  
  54  6:30  Probe  
  54  6:32  Pylon  
  54  6:39  Probe  
Show
View Real Time Build Order
Export as new Build Order

uThermal Terran - Winner!

Build Orders:  

Get SALT Encoding   

  12  0:00  SCV  
  13  0:12  SCV  
  14  0:17  Supply Depot  
  14  0:24  SCV  
  15  0:38  SCV  
  15  0:39  Barracks  
  16  0:43  Refinery  
  16  0:50  SCV  
  17  1:02  SCV  
  18  1:14  SCV  
  19  1:26  Marine  
  19  1:27  Orbital Command  
  20  1:40  Command Center  
  20  1:45  Marine  
  21  1:53  SCV  
  22  1:57  Supply Depot  
  22  2:04  Marine  
  23  2:15  Factory  
  23  2:18  SCV  
  23  2:20  Bunker  
  23  2:21  Marine  
  25  2:30  SCV  
  26  2:37  Refinery  
  26  2:43  SCV  
  27  2:44  Barracks Reactor  
  27  2:52  Orbital Command  
  27  2:55  SCV  
  30  2:58  Hellion  
  30  2:59  Starport  
  30  3:07  SCV  
  31  3:19  SCV  
  34  3:20  Hellion  
  34  3:21  Marine x2  
  34  3:24  Supply Depot, Orbital Command  
  36  3:31  SCV  
  37  3:35  Medivac  
  37  3:39  Marine x2  
  43  3:41  Hellion  
  43  3:43  SCV  
  44  3:49  SCV  
  44  3:52  Barracks  
  44  3:55  SCV  
  46  3:57  Marine x2  
  46  4:01  SCV  
  51  4:02  Widow Mine  
  51  4:10  Starport Tech Lab, SCV  
  51  4:11  Supply Depot  
  51  4:14  Marine  
  51  4:15  Marine  
  54  4:32  Raven, Marine  
  54  4:33  SCV x2  
  59  4:42  Barracks, Marine, Barracks Tech Lab  
  59  4:45  SCV x2  
  62  5:01  Supply Depot  
  62  5:03  Stimpack  
  62  5:12  Bunker  
  62  5:22  SCV x2, Marine x3  
  62  5:23  Supply Depot  
  62  5:24  Engineering Bay  
  67  5:34  SCV x2  
  65  5:40  Marine  
  61  5:46  SCV x2  
  61  5:48  Marine  
  62  5:54  Marauder, Barracks Tech Lab  
  63  5:57  Refinery  
  63  5:58  SCV x2  
  63  6:00  Missile Turret  
  63  6:04  Marine  
  65  6:05  Supply Depot  
  65  6:06  Marine  
  65  6:11  SCV x2, Missile Turret  
  69  6:14  Marine  
  69  6:16  Marauder  
  72  6:22  Marine  
  72  6:23  SCV x2  
  72  6:24  Marine, Supply Depot  
  76  6:36  Refinery  
  76  6:38  Factory Reactor  

Tags
 
Add a new tag
Caveats
  • Supply blocks, unpowered buildings, or Contaminate may cause inaccurate times.
  • Supply counts are checked every 10 seconds.